 Dungeon Crawl Stone Soup version 0.31.0-10-gcf4a605ca0 (webtiles) character file.

Game seed: 10507702122138323228

21785 Aviak the Fighter (level 12, -2/112 HPs)
             Began as a Pale Draconian Cinder Acolyte on Jan 26, 2024.
             Was an Elder of Ignis.
             Slain by a boulder beetle (4 damage)
             ... on level 1 of the Lair of Beasts.
             The game lasted 00:45:10 (17326 turns).

Aviak the Fighter (Pale Draconian Cinder Acolyte)  Turns: 17326, Time: 00:45:11

Health: -2/112     AC: 17    Str: 17    XL:     12   Next: 57%
Magic:  6/13       EV: 16    Int: 15    God:    Ignis [****..]
Gold:   770        SH:  0    Dex: 10    Spells: 11/13 levels left

rFire   + . .        O - +1 long sword
rCold   . . .        (no shield)
rNeg    + + +        (body armour unavailable)
rPois   .            (helmet restricted)
rElec   +            q - +2 cloak of Ysuvaqonocw {+Inv rElec rN++ Dex-4}
rCorr   .            h - +2 pair of gloves {Dex+3}
SInv    .            l - +2 pair of boots
Will    +....        (no amulet)
Stlth   +            J - ring of willpower
HPRegen 0.38/turn    w - ring of positive energy
MPRegen 0.13/turn

%: no passive effects
@: no status effects
A: breathe steam, AC +8, unfitting armour, cold-blooded, steam resistance
a: Breathe Steam, Renounce Religion, Evoke Invisibility, Fiery Armour, Foxfire
Swarm, Rising Flame


You were on level 1 of the Lair of Beasts.
You worshipped Ignis.
Ignis was greatly pleased with you.
You visited 2 branches of the dungeon, and saw 14 of its levels.

You collected 882 gold pieces.
You spent 112 gold pieces at shops.

Inventory:

Hand Weapons
 a - a -1 falchion of flaming
 u - a +0 falchion
 O - a +1 long sword (weapon)
Missiles
 z - a throwing net {!f}
Armour
 h - a +2 pair of gloves of dexterity (worn)
 l - a +2 pair of boots (worn)
 q - the +2 cloak of Ysuvaqonocw (worn) {+Inv rElec rN++ Dex-4}
   (You found it on level 4 of the Dungeon)

   Dex-4:     It affects your dexterity (-4).
   rElec:     It insulates you from electricity.
   rN++:      It greatly protects you from negative energy.
   +Inv:      It lets you turn invisible.
 E - an orb of guile
Jewellery
 d - a ring of resist corrosion
 w - a ring of positive energy (right hand)
 H - a ring of flight
 I - a +6 ring of intelligence
 J - a ring of willpower (left hand)
Talismans
 y - a maw talisman
 N - a dragon-blood talisman
Wands
 p - a wand of charming (14)
 B - a wand of iceblast (2)
 G - a wand of digging (6)
 M - a wand of flame (4)
Scrolls
 b - 3 scrolls of poison
 g - 2 scrolls of revelation
 i - 2 scrolls of identify
 k - 5 scrolls of enchant weapon
 m - 2 scrolls of enchant armour {unknown}
 n - 3 scrolls of fear
 r - a scroll of summoning {unknown}
 s - 4 scrolls of noise {!r!r}
 v - 2 scrolls of amnesia {unknown}
 x - 3 scrolls of blinking
 A - 2 scrolls of teleportation {unknown}
 F - a scroll of vulnerability {unknown}
 P - a scroll of immolation {unknown}
Potions
 f - 3 potions of haste
 j - 2 potions of brilliance
 o - a potion of might
 t - a potion of enlightenment
 C - a potion of attraction
 K - a potion of magic {unknown}
 L - a potion of ambrosia {unknown}


   Skills:
 - Level 12.0 Fighting
 - Level 11.2 Long Blades
 + Level 11.8 Dodging
 - Level 1.0 Spellcasting
 - Level 4.3 Fire Magic
 + Level 6.8 Shapeshifting


You had 11 spell levels left.
You knew the following spells:

 Your Spells              Type           Power      Damage    Failure   Level
a - Scorch                Fire           26%        2d6       6%          2

Your spell library contained the following spells:

 Spells                   Type           Power      Damage    Failure   Level
 Freeze                   Ice            0%         1d3       24%         1
 Shock                    Conj/Air       0%         1d3       24%         1
 Volatile Blastmotes      Fire/Tloc      14%        2d11      30%         3
 Blink                    Tloc           0%         N/A       36%         2
 Cigotuvi's Dreadful Rot  Necr/Alch/Air  0%         N/A       36%         2
 Lesser Beckoning         Tloc           0%         N/A       36%         2
 Momentum Strike          Conj/Tloc      0%         3d8       36%         2
 Static Discharge         Conj/Air       0%         3-3/arc   36%         2
 Dazzling Flash           Conj/Hex       0%         N/A       58%         3
 Frozen Ramparts          Ice            0%         1d1       58%         3
 Hailstorm                Conj/Ice       0%         3d5       58%         3
 Stone Arrow              Conj/Erth      0%         3d7       58%         3
 Summon Ice Beast         Ice/Summ       0%         N/A       58%         3
 Swiftness                Air            0%         N/A       58%         3
 Airstrike                Air            0%         2d(0-16)  94%         4
 Dispel Undead            Necr           0%         3d6       94%         4
 Martyr's Knell           Necr/Summ      0%         N/A       94%         4
 Summon Lightning Spire   Summ/Air       0%         N/A       94%         4
 Death Channel            Necr           0%         N/A       100%        6
 Sculpt Simulacrum        Ice/Alch       0%         N/A       100%        6
 Starburst                Conj/Fire      3%         6d3       100%        6
 Lehudib's Crystal Spear  Conj/Erth      0%         10d2      100%        8
 Maxwell's Capacitive Co  Air            0%         ∞         100%        8
 Animate Armour           Summ/Erth      Unusable   N/A       N/A         4

Dungeon Overview and Level Annotations

Branches:
Dungeon (12/15)            Temple (0/1) D:4            Lair (2/5) D:11
 Spider (0/4) Lair:2          Orc (0/2) D:12
  Swamp: Lair:2-3    Shoals: Lair:2-3

Altars:
Dithmenos
Elyvilon
Fedhas
Hepliaklqana
Makhleb
Okawaru
Qazlal
Ru
Sif Muna
Uskayaw

Shops:
D:5 :   D:8 ([?   D:11 (

Portals:
Abyss: Lair:1

Annotations:
D:11 4 transporters
Lair:1 2 transporters, tsouns's ghost, journeyman TeBe


Innate Abilities, Weirdness & Mutations

You can breathe blasts of scalding, opaque steam.
Your pale cyan-grey scales are hard. (AC +8)
You cannot fit into any form of body armour.
You are cold-blooded and may be slowed by cold attacks.
You are immune to the effects of steam.


Message History

The boulder beetle is heavily wounded.
The boulder beetle bites you but does no damage.
Aiming: Breathe Steam (1% risk of failure)
Press: ? - help, Shift-Dir - straight line, f - boulder beetle
Aim: a boulder beetle (heavily wounded, 100% to hit)
You exhale a blast of scalding steam.
The ball of steam hits the boulder beetle but does no damage.
The boulder beetle is heavily wounded.
The boulder beetle is engulfed in a cloud of scalding steam.
The boulder beetle bites you!
You hit the boulder beetle but do no damage.
The boulder beetle is severely wounded.
You hit the boulder beetle but do no damage.
Your tail-slap misses the boulder beetle.
The boulder beetle is severely wounded.
The boulder beetle bites you!
You hit the boulder beetle.
You tail-slap the boulder beetle, but do no damage.
The boulder beetle is severely wounded.
The boulder beetle is engulfed in a cloud of scalding steam.
The boulder beetle leaps!
The boulder beetle curls into a ball and begins rolling!
You have got your breath back.
There is a staircase back to the Dungeon, spattered with blood here.
You hit the boulder beetle but do no damage.
You punch the boulder beetle, but do no damage.
The boulder beetle is severely wounded.
The boulder beetle hits you!!!
* * * LOW HITPOINT WARNING * * *
The boulder beetle stops rolling and uncurls.
As you read the scroll of fog, it dissolves into smoke.
The boulder beetle closely misses you.
As you read the scroll of fog, it dissolves into smoke.
The boulder beetle bites you.
* * * LOW HITPOINT WARNING * * *
As you read the scroll of fog, it dissolves into smoke.
The boulder beetle bites you but does no damage.
As you read the scroll of fog, it dissolves into smoke.
The boulder beetle bites you.
You die...

..#.######...####..###.#.###.....
..#########........>..........###
..# #######..###...○.......#...#
..########...###..#####.B###..##
.............###..# #..###..###
.............###..#####...##.....
.............###§§##P##..###.....
..............§§§§§.............#
.............°§B@§§............##
.............########...#P#.#..#
[..........○.###### #P..#####..#
.............###### ##..## ##..#
.............###### #..P###P..#
.............###### #.........##
######P####### ##.#######.# ###
### ###


You could see a boulder beetle.

Vanquished Creatures
  A boulder beetle (D:11)
  A two-headed ogre (D:10)
  An ugly thing (D:12)
  4 oklob plants (Lair:1)
  A black mamba (Lair:1)
  2 torpor snails (Lair:1)
  A gargoyle (D:6)
  A rime drake (Lair:1)
  Jeremiah (D:8)
  2 unseen horrors (D:11)
  A cane toad (Lair:1)
  3 komodo dragons
  3 trolls
  A polar bear (D:12)
  A blink frog (Lair:1)
  2 centaur simulacra (D:12)
  A water elemental (D:12)
  37 yaks
  A shadow (D:11)
  3 hogs (D:7)
  A human (D:7)
  5 wyverns
  2 wraiths
  Grum (D:9)
  2 steam dragons
  8 water moccasins
  5 black bears
  An orc warrior (D:6)
  2 ogres
  5 centaurs
  11 wolves
  3 kobold brigands
  A phantom (D:5)
  4 bullfrogs
  5 scorpions
  2 gnoll sergeants
  5 wights (D:7)
  18 killer bees
  5 howler monkeys
  An electric eel (D:12)
  3 bombardier beetles
  4 hounds
  A jelly (D:5)
  8 orc priests
  3 gnoll boudas
  2 sleepcaps
  9 iguanas
  5 orc wizards
  Robin (D:2)
  22 gnolls
  8 adders
  2 shadow imps (D:6)
  2 white imps
  5 dart slugs
  5 ribbon worms
  27 orcs
  4 endoplasms
  4 giant cockroaches
  17 goblins
  11 hobgoblins
  5 quokkas
  7 ball pythons
  7 bats
  5 frilled lizards
  18 kobolds
  4 rats
344 creatures vanquished.

Vanquished Creatures (others)
  3 foxfires (D:2)
3 creatures vanquished.

Grand Total: 347 creatures vanquished

Notes
Turn   | Place    | Note
-------+----------+-------------------------------------------
     0 | D:1      | Aviak the Draconian Cinder Acolyte began the quest for the
                  | Orb.
     0 | D:1      | Reached XP level 1. HP: 19/19 MP: 2/2
   138 | D:1      | Reached XP level 2. HP: 26/26 MP: 3/3
   167 | D:1      | Learned a level 2 spell: Scorch
   359 | D:1      | Reached skill level 4 in Fighting
   359 | D:1      | Reached XP level 3. HP: 33/33 MP: 4/4
  1284 | D:2      | Noticed Robin
  1315 | D:2      | Reached skill level 1 in Dodging
  1335 | D:2      | Killed Robin
  1336 | D:2      | Reached XP level 4. HP: 17/41 MP: 5/5
  1931 | D:3      | Reached XP level 5. HP: 44/47 MP: 2/6
  2431 | D:3      | Noticed an ogre
  2443 | D:3      | Killed an ogre
  2444 | D:3      | Reached skill level 5 in Fighting
  2704 | D:4      | Found a staircase to the Ecumenical Temple.
  2792 | D:4      | Reached XP level 6. HP: 47/56 MP: 0/7
  3688 | D:4      | Reached skill level 5 in Long Blades
  3745 | D:4      | Found a hazy altar of Hepliaklqana.
  3848 | D:4      | Identified the +2 cloak of Ysuvaqonocw {+Inv rElec rN++
                  | Dex-4}
  3901 | D:5      | Entered Level 5 of the Dungeon
  3922 | D:4      | Your scales start taking on a pale cyan-grey colour.
  3922 | D:4      | Reached XP level 7. HP: 44/61 MP: 0/8
  3922 | D:4      | Gained mutation: You are immune to the effects of steam.
                  | [Pale Draconian growth]
  4052 | D:5      | Found Qeowk's Tremendous Tomes.
  5419 | D:6      | Reached XP level 8. HP: 64/70 MP: 9/9
  5765 | D:6      | Reached skill level 6 in Fighting
  5866 | D:6      | Reached skill level 5 in Dodging
  6065 | D:6      | Noticed a gargoyle
  6174 | D:6      | Killed a gargoyle
  6175 | D:6      | Reached skill level 7 in Fighting
  6374 | D:6      | Reached XP level 9. HP: 79/79 MP: 5/10
  6649 | D:6      | Found a shimmering blue altar of Sif Muna.
  6723 | D:6      | Found a white marble altar of Elyvilon.
  6756 | D:6      | Found a hide-covered altar of Uskayaw.
  6772 | D:6      | Found a shadowy altar of Dithmenos.
  6837 | D:6      | Found a burning altar of Makhleb.
  7585 | D:7      | Reached skill level 8 in Fighting
  7760 | D:7      | Noticed a komodo dragon
  7767 | D:7      | Killed a komodo dragon
  8096 | D:7      | Reached skill level 9 in Fighting
  8254 | D:7      | Reached XP level 10. HP: 49/91 MP: 2/11
  8588 | D:8      | Found Aheas's Armour Emporium.
  8589 | D:8      | Found Ymiotz's Magic Scroll Boutique.
  8596 | D:8      | Bought a scroll of blinking for 112 gold pieces
  8713 | D:8      | Found a stormy altar of Qazlal.
  9121 | D:8      | Found Yhecho's Weapon Boutique.
  9127 | D:8      | Noticed Jeremiah
  9143 | D:8      | Killed Jeremiah
  9985 | D:9      | Reached skill level 10 in Fighting
 10039 | D:8      | Reached skill level 10 in Long Blades
 11051 | D:9      | Reached XP level 11. HP: 60/101 MP: 1/12
 11250 | D:9      | Reached skill level 11 in Fighting
 11568 | D:10     | Entered Level 10 of the Dungeon
 11593 | D:10     | Noticed Grum
 11614 | D:9      | Killed Grum
 12201 | D:10     | Noticed a two-headed ogre
 12208 | D:10     | Killed a two-headed ogre
 12349 | D:10     | Found an iron altar of Okawaru.
 12565 | D:10     | Found a sacrificial altar of Ru.
 12609 | D:10     | Found a blossoming altar of Fedhas.
 12809 | D:11     | Reached skill level 1 in Shapeshifting
 13094 | D:11     | Reached skill level 10 in Dodging
 13163 | D:11     | Found a staircase to the Lair.
 13163 | D:11     | Identified the +4 shortbow of Kivuxaoh {antimagic, Str+3}
 13174 | D:11     | Reached skill level 12 in Fighting
 13246 | D:11     | Found a transporter.
 13346 | D:11     | Found a transporter.
 13346 | D:11     | Found a transporter.
 13348 | D:11     | Found a transporter.
 13388 | D:11     | Noticed a boulder beetle
 13431 | D:11     | Killed a boulder beetle
 13537 | D:11     | Found Sibb's Antique Weapon Emporium.
 13578 | D:11     | You fall into a shaft and drop 1 floor!
 13825 | D:12     | Noticed a brown ugly thing
 13917 | D:12     | Found a staircase to the Orcish Mines.
 13929 | D:12     | Killed a brown ugly thing
 14491 | Lair:1   | Entered Level 1 of the Lair of Beasts
 14516 | D:11     | Reached XP level 12. HP: 107/112 MP: 13/13
 15087 | Lair:1   | Found a transporter.
 15087 | Lair:1   | Noticed tsouns's ghost (journeyman TeBe)
 15102 | Lair:1   | Found a transporter.
 15103 | Lair:1   | Found a one-way gate to the infinite horrors of the Abyss.
 15139 | Lair:1   | Reached skill level 5 in Shapeshifting
 16957 | Lair:2   | Found a hole to the Spider Nest.
 16963 | Lair:2   | Noticed a boulder beetle
 17324 | Lair:1   | HP: 1/112 [boulder beetle (6)]
 17326 | Lair:1   | Slain by a boulder beetle

Illustrated notes

Levels and vault maps discovered:
D:1:      dpeg_arrival_arbitrary_c, layout_loops_ring
D:2:      layout_basic, uniq_robin
D:3:      layout_loops_ring
D:4:      layout_gridville, nicolae_hepliaklqana_hippocampus,
          minmay_temple_entry_offerings
D:5:      layout_basic, nicolae_shop_i_like_big_books, st_stairs_12
D:6:      minmay_clustersquares, layout_gridville, makhleb_grotto_becter,
          nicolae_overflow_quartered_altars, hangedman_decor_opposing
D:7:      layout_cave_pools, grunt_livestock
D:8:      layout_gridville, old_standard_altar, serial_shops, shop, shop,
          nicolae_shop_hallway_stairs, uniq_jeremiah
D:9:      layout_cave_pools, dk_noncrumbling_4
D:10:     layout_cave_pools, nicolae_ru_the_path_less_chosen, fedhas_altar_4,
          mainiacjoe_overflow_small_starburst, serial_park_tiny_pond, uniq_grum
D:11:     layout_gridville, minmay_lair_entry_grove, serial_shops,
          nicolae_shop_back_alley_shop, nicolae_diode_quadrants
D:12:     layout_loops_corners, orc_0_dummy, special_room [special_room_bee],
          serial_ice, serial_ice_j, serial_ice_d, serial_ice_n, serial_ice_f,
          serial_ice_h, serial_ice_b, roderic_batcave,
          nemelex_xobeh_ov_fountains_minmay
Lair:1:   minmay_lair_oklob_tunnel, layout_small_grid,
          gammafunk_ghost_abyssal_escape
Lair:2:   layout_cave_pods, minmay_shoals_entry_centaurs,
          nicolae_spider_entry_non_spiders, gammafunk_ghost_wrathful_warriors,
          serial_bayou_shore_a

Skill      XL: |  1  2  3  4  5  6  7  8  9 10 11 12 |
---------------+-------------------------------------+-----
Fighting       | 4 5 7 9 10 12 | 12.0
Dodging        | 1 2 3 4 6 7 9 10 11 | 11.8
Long Blades    | 4 5 6 7 9 10 11 | 11.2
Fire Magic     | 4 |  4.3
Shapeshifting  | 4 6 |  6.8
Spellcasting   | |  1.0

Action                     |  1- 3 |  4- 6 |  7- 9 | 10-12 || total
---------------------------+-------+-------+-------+-------++-------
  Melee: Falchion          |   181 |   179 |   142 |   298 ||   800
         Tailslap          |    13 |    24 |    16 |   107 ||   160
         Punch             |     1 |     2 |     3 |     5 ||    11
         Long sword        |       |       |       |   203 ||   203
   Cast: Scorch            |     2 |    32 |    91 |   169 ||   294
 Invoke: Foxfire Swarm     |     1 |       |       |       ||     1
         Fiery Armour      |       |       |     1 |     1 ||     2
Ability: Breathe Steam     |       |       |    33 |    85 ||   118
  Evoke: Wand              |       |       |       |    11 ||    11
    Use: Potion            |       |     1 |     1 |     4 ||     6
         Scroll            |       |     5 |       |    17 ||    22
   Stab: Sleeping          |     1 |       |       |       ||     1
 Armour: Skin              |   134 |   121 |   120 |   581 ||   956
  Dodge: Dodged            |   136 |   134 |   111 |   546 ||   927
